 Dungeon Crawl Stone Soup version 0.14-a0-3545-g7d9ef9c (webtiles) character file.

136 Malachi the Skirmisher (level 4, -4/37 HPs)
             Began as a Demonspawn Berserker on Mar 28, 2014.
             Was a Believer of Trog.
             Slain by a gnoll (8 damage)
             ... on Level 3 of the Dungeon.
             The game lasted 00:02:47 (1417 turns).

Malachi the Skirmisher (Demonspawn Berserker)       Turns: 1417, Time: 00:02:47

HP  -4/37        AC  3     Str 18      XL: 4   Next: 40%
MP   4/4         EV 12     Int  9      God: Trog [**....]
Gold 41          SH  0     Dex 12      Spells:  0 memorised,  3 levels left

rFire  . . .     SeeInvis .     i - +2,+0 whip (venom)
rCold  . . .     Clarity  .     e - +0 leather armour
rNeg   . . .     Conserve .     (no shield)
rPois  .         rCorr    .     (helmet restricted)
rElec  .         rRot     .     (no cloak)
SustAb . .       Spirit   .     (no gloves)
rMut   .         Warding  .     (no boots)
Saprov . . .     Stasis   .     (no amulet)
MR     .....                    (no ring)
                                (no ring)

@: not resistant to hostile enchantments, very unstealthy
A: horns 1, powered by pain 1
a: Burn Spellbooks, Berserk, Trog's Hand, Renounce Religion


You were on level 3 of the Dungeon.
You worshipped Trog.
Trog was pleased with you.
You were not hungry.

You visited 1 branch of the dungeon, and saw 3 of its levels.

You collected 41 gold pieces.

Inventory:

Hand weapons
 a - a +0,+0 hand axe
 i - a +2,+0 whip of venom (weapon)
Armour
 e - a +0 leather armour (worn)
Comestibles
 b - a rotting chunk of worm flesh
 c - 3 bread rations
 r - a lemon
 s - a chunk of orc flesh
 u - a meat ration
Scrolls
 g - a scroll of blinking {unknown}
 h - a scroll of noise {unknown}
 j - a scroll of fog {unknown}
 k - 3 scrolls of enchant weapon I {unknown}
 l - a scroll of amnesia {unknown}
 m - 2 scrolls of identify {unknown}
 q - a scroll of fear {unknown}
Jewellery
 n - an uncursed amulet of resist corrosion {unknown}
Potions
 d - a potion of paralysis {unknown}
 f - a potion of restore abilities {unknown}
 o - a potion of curing {unknown}
 p - a potion of flight {unknown}
 t - a potion of agility {unknown}


   Skills:
 + Level 3.8 Fighting
 + Level 3.2 Axes
 + Level 1.0 Maces & Flails
 + Level 2.1 Armour
 + Level 2.7 Dodging


You had 3 spell levels left.
You didn't know any spells.

Dungeon Overview and Level Annotations

Branches:
Dungeon (3/15)

Altars:


Innate Abilities, Weirdness & Mutations

You have a pair of small horns on your head.
You sometimes gain a little power by taking damage.


Message History

The bat skeleton barely misses you.
The bat skeleton hits you but does no damage.
The gnoll closely misses you. The bat skeleton barely misses you.
The gnoll hits you from afar with a spear.
You barely miss the gnoll. You headbutt the gnoll.
The gnoll is severely wounded.
The bat skeleton hits you but does no damage. x3
The gnoll hits you with a club.
The gnoll hits you from afar with a spear.
You hit the gnoll.
You kill the gnoll!
Trog accepts your kill. The bat skeleton closely misses you.
The bat skeleton barely misses you. The bat skeleton closely misses you.
The gnoll hits you from afar with a spear!
* * * LOW HITPOINT WARNING * * *
The gnoll hits you with a club.
* * * LOW HITPOINT WARNING * * *
The gnoll hits you!
You die...

#.............
########.............
......................
..........[............
...................#####
...................#
...................#####
.......z)................
.......g@........########
......gg.........#
................#
..................
..................
........#########
.......# ....... ####


You could see 3 gnolls and a bat skeleton.

Vanquished Creatures
  A gnoll (D:3)
  2 adders (D:2)
  4 worms (D:2)
  A giant gecko (D:2)
  2 oozes
  An orc (D:3)
  6 bats
  3 goblins
  3 hobgoblins
  9 kobolds
  4 giant newts
  5 rats
41 creatures vanquished.

Vanquished Creatures (others)
  A kobold (D:2)
  A bat (D:2)
2 creatures vanquished.

Grand Total: 43 creatures vanquished

Notes
Turn   | Place    | Note
--------------------------------------------------------------
     0 | D:1      | Malachi, the Demonspawn Berserker, began the quest for the Orb.
     0 | D:1      | Reached XP level 1. HP: 18/18 MP: 1/1
   217 | D:1      | Gained mutation: You sometimes gain a little power by taking damage. [demonic ancestry]
   217 | D:1      | Reached XP level 2. HP: 22/24 MP: 2/2
   775 | D:2      | Gained mutation: You have a pair of small horns on your head. [demonic ancestry]
   775 | D:2      | Reached XP level 3. HP: 24/29 MP: 3/3
   914 | D:2      | Acquired Trog's second power
  1105 | D:2      | Reached XP level 4. HP: 12/37 MP: 4/4
  1357 | D:3      | Reached skill level 1 in Maces & Flails
  1417 | D:3      | Slain by a gnoll

Action                   |  1- 3 |  4- 6 || total
-------------------------+-------+-------++-------
Melee: Hand axe          |    33 |       ||    33
       Whip              |    64 |    39 ||   103
